Connexion

Phantoms vs Monsters

Created - 16 février 2024 at 07:48

Goals
1 2 3 OT1 T
Phantoms 1 3 0 0 4
Monsters 1 1 2 1 5
Shots
1 2 3 OT1 T
Phantoms 13 8 10 2 33
Monsters 7 9 9 3 28

GoalsPenalties
1st period
1. Phantoms , Jarred Tinordi 7 (Kerby Rychel 27, Victor Rask 34) at 2:47 (PP)
2. Monsters , Nicolas Petan 34 (Dysin Mayo 28, Sean Day 39) at 19:36
Mitch Reinke (CLE) for Tripping (Minor) at 1:24
Mitch Reinke (CLE) for Cross-checking (Minor) at 7:08
2nd period
3. Monsters , Alex Formenton 31 (Sean Day 40, Nicholas Abruzzese 47) at 2:33
4. Phantoms , Jake Mccabe 8 (Kerby Rychel 28, Joshua Jacobs 38) at 5:52
5. Phantoms , Seth Griffith 28 (Luke Henman 2) at 10:03
6. Phantoms , Adam Mascherin 16 (Ben Harpur 27, Lucas Wallmark 14) at 16:10
No Penalty
3rd period
7. Monsters , Alex Formenton 32 (Andrew Poturalski 40, Nicholas Abruzzese 48) at 0:54
8. Monsters , Nicolas Petan 35 (Adam Ginning 34, Mason Geertsen 26) at 7:34 (PP)
Ben Harpur (ADI) for Tripping (Minor) at 5:46
Patrick Sieloff (ADI) for Cross-checking (Minor) at 9:55
Overtime #1
9. Monsters , Max Willman 9 (Sean Day 41, Nicolas Petan 41) at 4:08
No Penalty
Goalie Stats
Kevin Poulin (ADI), 23 saves from 28 shots - (0,821), OTL, 23-23-5, 64:09 minutes
Kevin Mandolese (CLE), 29 saves from 33 shots - (0,879), W, 34-19-3, 64:09 minutes
3 StarsOfficial
1 - Nicolas Petan (CLE)
2 - Sean Day (CLE)
3 - Alex Formenton (CLE)
Referees : Frederick L'Ecuyer and Brad Watson
Linesman : Mark Pare and Dan Schachte
Game Note
No Game Note
Finance
Level 1 -- Attendance: 1582 (79,10%) -- Ticket Income $63,280
Level 2 -- Attendance: 971 (97,10%) -- Ticket Income $19,420
Total Attendance: 2553 (85,10%)
Total Ticket Income: $82,700
Other Income: $16,540
Total Income: $99,240



Team Name Goals Shots Shots Attemp Shots Blocked PIM HIT PP PK FO%
Phantoms 43360114211 / 2 (50%)145%
Monsters 5286644181 / 2 (50%)155%

Phantoms
Player Name POS G A P +/- PIM HIT SHT SB MP PP MP PP SHT PK MP PK SHT FO% FOT
Adam MascherinC/LW1011003016:200:0000:0000% 2
Ben HarpurD0111210021:341:3700:4700% 0
Brett McKenzieLW000-101107:590:0000:1800% 0
Curtis DouglasC000000000:000:0000:0000% 0
Jack RamseyD0000000015:130:0000:3100% 0
Jake MccabeD101-1033124:081:4502:2100% 0
Jarred TinordiD1011013120:311:3730:4700% 0
Joshua JacobsD011-2030127:241:4502:3200% 0
Kerby RychelLW0220054118:231:3710:0000% 0
Logan HutskoRW0001004015:590:0000:590100% 1
Lucas WallmarkC0111023015:000:0000:00053% 15
Luke HenmanC011000004:520:0000:00044% 9
Manuel WiedererC/RW0000014118:231:3700:000100% 1
Michael McCarronC/RW000-1010019:281:4501:30050% 2
Patrick SieloffD0000210315:170:0000:3600% 0
Seth GriffithC/LW/RW101-2014327:581:4502:03039% 31
Tyler SikuraC/LW000-1002019:281:4501:3000% 1
Victor RaskC0110012020:411:3701:14050% 24
Monsters
Player Name POS G A P +/- PIM HIT SHT SB MP PP MP PP SHT PK MP PK SHT FO% FOT
Adam GinningD011-2002221:072:0311:3700% 0
Alex FormentonLW2021036026:501:4412:06080% 5
Andrew PoturalskiC/RW0112001022:031:4401:09050% 6
Anthony AngelloC/RW0001031020:212:0300:00050% 2
Blade JenkinsC/LW000-100003:440:0000:00040% 5
Carsen TwarynskiLW0001003021:302:0301:09050% 2
Chris BigrasD000-1030015:230:0000:0000% 0
Dysin MayoD0113001123:301:4401:4500% 0
Filip HallanderC/LW000000000:000:0000:0000% 0
Justin BaileyRW000-2003014:120:0000:000100% 1
Mason GeertsenD011-2020021:072:0301:3700% 0
Max WillmanC/LW101-1002015:420:0000:00057% 21
Mitch ReinkeD000-1410017:540:0000:0000% 0
Nathan WalkerLW000-2033014:190:0000:0700% 0
Nicholas AbruzzeseC/LW0222000120:271:4402:06055% 20
Nicolas PetanC/LW/RW2132005022:042:0320:07050% 24
Ryan FitzgeraldC/LW000-100103:440:0000:0000% 0
Sean DayD0334030025:061:4401:4500% 0



Play-by-Play

1st period


0:01 of 1st period - Seth Griffith wins face-off versus Nicholas Abruzzese in neutral zone.
0:20 of 1st period - Off-side.
0:21 of 1st period - Victor Rask wins face-off versus Nicolas Petan in neutral zone.
0:38 of 1st period - Icing by Adam Ginning.
0:39 of 1st period - Lucas Wallmark wins face-off versus Nicolas Petan in Monsters zone.
0:55 of 1st period - Shot by Patrick Sieloff.
0:55 of 1st period - Shot Blocked by Adam Ginning.
1:01 of 1st period - Shot by Logan Hutsko.
1:01 of 1st period - Shot Misses the Net.
1:03 of 1st period - Shot by Patrick Sieloff.
1:03 of 1st period - Shot Misses the Net.
1:05 of 1st period - Shot by Patrick Sieloff.
1:05 of 1st period - Deflect By Logan Hutsko.
1:05 of 1st period - Stopped by Kevin Mandolese without a rebound.
1:06 of 1st period - Luke Henman wins face-off versus Max Willman in Monsters zone.
1:24 of 1st period - Minor Penalty to Mitch Reinke for Tripping.
1:25 of 1st period - Victor Rask wins face-off versus Nicholas Abruzzese in Monsters zone.
1:34 of 1st period - Shot by Kerby Rychel.
1:34 of 1st period - Shot Misses the Net.
1:36 of 1st period - Shot by Kerby Rychel.
1:36 of 1st period - Stopped by Kevin Mandolese without a rebound.
1:37 of 1st period - Alex Formenton wins face-off versus Tyler Sikura in Monsters zone.
2:43 of 1st period - Shot by Kerby Rychel.
2:43 of 1st period - Shot Misses the Net.
2:45 of 1st period - Shot by Jarred Tinordi.
2:45 of 1st period - Shot Misses the Net.
2:47 of 1st period - Shot by Jarred Tinordi.
2:47 of 1st period - Goal by Jarred Tinordi - Phantoms : 1 - Monsters : 0.
2:48 of 1st period - Max Willman wins face-off versus Adam Mascherin in neutral zone.
3:10 of 1st period - Shot by Logan Hutsko.
3:10 of 1st period - Stopped by Kevin Mandolese without a rebound.
3:11 of 1st period - Nicholas Abruzzese wins face-off versus Victor Rask in Monsters zone.
3:11 of 1st period - Nicholas Abruzzese is hit by Victor Rask.
3:26 of 1st period - Manuel Wiederer is hit by Sean Day.
3:34 of 1st period - Shot by Kerby Rychel.
3:34 of 1st period - Stopped by Kevin Mandolese without a rebound.
3:35 of 1st period - Seth Griffith wins face-off versus Nicolas Petan in Monsters zone.
3:35 of 1st period - Jake Mccabe is hit by Mason Geertsen and loses puck.
3:53 of 1st period - Shot by Michael McCarron.
3:53 of 1st period - Deflect By Seth Griffith.
3:53 of 1st period - Shot Misses the Net.
4:03 of 1st period - Shot by Seth Griffith.
4:03 of 1st period - Stopped by Kevin Mandolese with a rebound.
4:09 of 1st period - Shot by Tyler Sikura.
4:09 of 1st period - Stopped by Kevin Mandolese without a rebound.
4:10 of 1st period - Victor Rask wins face-off versus Andrew Poturalski in Monsters zone.
4:30 of 1st period - Icing by Victor Rask.
4:31 of 1st period - Max Willman wins face-off versus Victor Rask in Phantoms zone.
4:44 of 1st period - Shot by Manuel Wiederer.
4:44 of 1st period - Shot Misses the Net.
5:26 of 1st period - Shot by Tyler Sikura.
5:26 of 1st period - Shot Blocked by Dysin Mayo.
5:32 of 1st period - Shot by Seth Griffith.
5:32 of 1st period - Stopped by Kevin Mandolese without a rebound.
5:33 of 1st period - Lucas Wallmark wins face-off versus Nicolas Petan in Monsters zone.
6:12 of 1st period - Shot by Nicolas Petan.
6:12 of 1st period - Shot Misses the Net.
6:32 of 1st period - Shot by Alex Formenton.
6:32 of 1st period - Stopped by Kevin Poulin without a rebound.
6:33 of 1st period - Max Willman wins face-off versus Seth Griffith in Phantoms zone.
6:33 of 1st period - Nathan Walker is hit by Jake Mccabe and loses puck.
6:44 of 1st period - Tyler Sikura is hit by Nathan Walker and loses puck.
6:54 of 1st period - Max Willman is hit by Joshua Jacobs and loses puck.
7:08 of 1st period - Minor Penalty to Mitch Reinke for Cross-checking.
7:09 of 1st period - Victor Rask wins face-off versus Alex Formenton in Monsters zone.
7:16 of 1st period - Shot by Kerby Rychel.
7:16 of 1st period - Shot Misses the Net.
7:18 of 1st period - Shot by Jarred Tinordi.
7:18 of 1st period - Stopped by Kevin Mandolese with a rebound.
7:20 of 1st period - Shot by Jarred Tinordi.
7:20 of 1st period - Stopped by Kevin Mandolese without a rebound.
7:21 of 1st period - Alex Formenton wins face-off versus Victor Rask in Monsters zone.
7:21 of 1st period - Alex Formenton is hit by Kerby Rychel.
7:56 of 1st period - Manuel Wiederer is hit by Mason Geertsen.
9:09 of 1st period - Manuel Wiederer is hit by Chris Bigras and loses puck.
9:16 of 1st period - Shot by Max Willman.
9:16 of 1st period - Shot Blocked by Patrick Sieloff.
9:28 of 1st period - Shot by Max Willman.
9:28 of 1st period - Shot Misses the Net.
9:30 of 1st period - Shot by Max Willman.
9:30 of 1st period - Shot Misses the Net.
9:36 of 1st period - Shot by Justin Bailey.
9:36 of 1st period - Stopped by Kevin Poulin without a rebound.
9:37 of 1st period - Carsen Twarynski wins face-off versus Luke Henman in Phantoms zone.
9:45 of 1st period - Off-side.
9:46 of 1st period - Victor Rask wins face-off versus Blade Jenkins in neutral zone.
10:13 of 1st period - Shot by Blade Jenkins.
10:13 of 1st period - Deflect By Ryan Fitzgerald.
10:13 of 1st period - Shot Misses the Net.
11:44 of 1st period - Shot by Nathan Walker.
11:44 of 1st period - Stopped by Kevin Poulin without a rebound.
11:45 of 1st period - Nicholas Abruzzese wins face-off versus Lucas Wallmark in Phantoms zone.
12:50 of 1st period - Icing by Mason Geertsen.
12:51 of 1st period - Max Willman wins face-off versus Victor Rask in Monsters zone.
13:00 of 1st period - Shot by Kerby Rychel.
13:00 of 1st period - Deflect By Victor Rask.
13:00 of 1st period - Shot Misses the Net.
13:04 of 1st period - Shot by Victor Rask.
13:04 of 1st period - Shot Blocked by Adam Ginning.
13:06 of 1st period - Shot by Victor Rask.
13:06 of 1st period - Deflect By Manuel Wiederer.
13:06 of 1st period - Stopped by Kevin Mandolese without a rebound.
13:07 of 1st period - Seth Griffith wins face-off versus Nicolas Petan in Monsters zone.
13:48 of 1st period - Icing by Jarred Tinordi.
13:49 of 1st period - Seth Griffith wins face-off versus Nicholas Abruzzese in Phantoms zone.
14:28 of 1st period - Shot by Nicholas Abruzzese.
14:28 of 1st period - Shot Misses the Net.
14:46 of 1st period - Shot by Max Willman.
14:46 of 1st period - Deflect By Justin Bailey.
14:46 of 1st period - Shot Misses the Net.
14:48 of 1st period - Shot by Max Willman.
14:48 of 1st period - Stopped by Kevin Poulin with a rebound.
14:50 of 1st period - Shot by Mitch Reinke.
14:50 of 1st period - Shot Blocked by Joshua Jacobs.
14:52 of 1st period - Shot by Max Willman.
14:52 of 1st period - Deflect By Nathan Walker.
14:52 of 1st period - Stopped by Kevin Poulin without a rebound.
14:53 of 1st period - Lucas Wallmark wins face-off versus Nicolas Petan in Phantoms zone.
14:53 of 1st period - Lucas Wallmark is hit by Anthony Angello.
15:18 of 1st period - Icing by Dysin Mayo.
15:19 of 1st period - Anthony Angello wins face-off versus Luke Henman in Monsters zone.
15:48 of 1st period - Shot by Luke Henman.
15:48 of 1st period - Shot Misses the Net.
15:50 of 1st period - Shot by Jake Mccabe.
15:50 of 1st period - Shot Misses the Net.
17:22 of 1st period - Off-side.
17:23 of 1st period - Blade Jenkins wins face-off versus Seth Griffith in neutral zone.
17:40 of 1st period - Shot by Ryan Fitzgerald.
17:40 of 1st period - Stopped by Kevin Poulin without a rebound.
17:41 of 1st period - Max Willman wins face-off versus Lucas Wallmark in Phantoms zone.
18:10 of 1st period - Shot by Lucas Wallmark.
18:10 of 1st period - Stopped by Kevin Mandolese without a rebound.
18:11 of 1st period - Victor Rask wins face-off versus Nicolas Petan in Monsters zone.
18:12 of 1st period - Shot by Manuel Wiederer.
18:12 of 1st period - Stopped by Kevin Mandolese without a rebound.
18:13 of 1st period - Seth Griffith wins face-off versus Nicholas Abruzzese in Monsters zone.
19:15 of 1st period - Manuel Wiederer is hit by Anthony Angello and loses puck.
19:36 of 1st period - Shot by Nicolas Petan.
19:36 of 1st period - Goal by Nicolas Petan - Phantoms : 1 - Monsters : 1.
19:37 of 1st period - Lucas Wallmark wins face-off versus Max Willman in neutral zone.
Goals for this period are 1 for Phantoms vs 1 for Monsters.
Shots for this period are 13 for Phantoms vs 7 for Monsters.

2nd period


0:01 of 2nd period - Seth Griffith wins face-off versus Nicholas Abruzzese in neutral zone.
1:01 of 2nd period - Mason Geertsen is hit by Kerby Rychel and loses puck.
1:45 of 2nd period - Off-side.
1:46 of 2nd period - Max Willman wins face-off versus Lucas Wallmark in neutral zone.
2:09 of 2nd period - Shot by Mitch Reinke.
2:09 of 2nd period - Deflect By Justin Bailey.
2:09 of 2nd period - Shot Blocked by Patrick Sieloff.
2:11 of 2nd period - Shot by Nathan Walker.
2:11 of 2nd period - Shot Misses the Net.
2:13 of 2nd period - Shot by Justin Bailey.
2:13 of 2nd period - Stopped by Kevin Poulin without a rebound.
2:14 of 2nd period - Nicholas Abruzzese wins face-off versus Luke Henman in Phantoms zone.
2:33 of 2nd period - Shot by Alex Formenton.
2:33 of 2nd period - Goal by Alex Formenton - Phantoms : 1 - Monsters : 2.
2:34 of 2nd period - Max Willman wins face-off versus Victor Rask in neutral zone.
2:53 of 2nd period - Shot by Justin Bailey.
2:53 of 2nd period - Shot Blocked by Manuel Wiederer.
2:57 of 2nd period - Shot by Max Willman.
2:57 of 2nd period - Deflect By Justin Bailey.
2:57 of 2nd period - Stopped by Kevin Poulin with a rebound.
3:03 of 2nd period - Shot by Nathan Walker.
3:03 of 2nd period - Shot Misses the Net.
3:05 of 2nd period - Shot by Max Willman.
3:05 of 2nd period - Shot Misses the Net.
3:22 of 2nd period - Icing by Jarred Tinordi.
3:23 of 2nd period - Victor Rask wins face-off versus Nicholas Abruzzese in Phantoms zone.
3:38 of 2nd period - Shot by Nicholas Abruzzese.
3:38 of 2nd period - Shot Misses the Net.
4:49 of 2nd period - Shot by Adam Mascherin.
4:49 of 2nd period - Stopped by Kevin Mandolese without a rebound.
4:50 of 2nd period - Luke Henman wins face-off versus Max Willman in Monsters zone.
4:50 of 2nd period - Jarred Tinordi is hit by Chris Bigras and loses puck.
5:50 of 2nd period - Shot by Kerby Rychel.
5:50 of 2nd period - Stopped by Kevin Mandolese with a rebound.
5:52 of 2nd period - Shot by Jake Mccabe.
5:52 of 2nd period - Goal by Jake Mccabe - Phantoms : 2 - Monsters : 2.
5:53 of 2nd period - Logan Hutsko wins face-off versus Nicolas Petan in neutral zone.
7:31 of 2nd period - Shot by Manuel Wiederer.
7:31 of 2nd period - Shot Blocked by Nicholas Abruzzese.
7:56 of 2nd period - Icing by Ben Harpur.
7:57 of 2nd period - Seth Griffith wins face-off versus Max Willman in Phantoms zone.
7:57 of 2nd period - Seth Griffith is hit by Nathan Walker.
8:17 of 2nd period - Icing by Tyler Sikura.
8:18 of 2nd period - Blade Jenkins wins face-off versus Seth Griffith in Phantoms zone.
8:46 of 2nd period - Alex Formenton is hit by Michael McCarron and loses puck.
8:59 of 2nd period - Jake Mccabe is hit by Alex Formenton and loses puck.
9:06 of 2nd period - Chris Bigras is hit by Kerby Rychel and loses puck.
10:01 of 2nd period - Shot by Lucas Wallmark.
10:01 of 2nd period - Stopped by Kevin Mandolese without a rebound.
10:02 of 2nd period - Luke Henman wins face-off versus Max Willman in Monsters zone.
10:03 of 2nd period - Shot by Seth Griffith.
10:03 of 2nd period - Goal by Seth Griffith - Phantoms : 3 - Monsters : 2.
10:04 of 2nd period - Nicolas Petan wins face-off versus Luke Henman in neutral zone.
10:29 of 2nd period - Shot by Anthony Angello.
10:29 of 2nd period - Shot Misses the Net.
11:20 of 2nd period - Off-side.
11:21 of 2nd period - Nicholas Abruzzese wins face-off versus Victor Rask in neutral zone.
11:27 of 2nd period - Off-side.
11:28 of 2nd period - Victor Rask wins face-off versus Max Willman in neutral zone.
12:30 of 2nd period - Seth Griffith is hit by Anthony Angello and loses puck.
13:15 of 2nd period - Icing by Anthony Angello.
13:16 of 2nd period - Lucas Wallmark wins face-off versus Nicolas Petan in Monsters zone.
14:20 of 2nd period - Shot by Kerby Rychel.
14:20 of 2nd period - Stopped by Kevin Mandolese without a rebound.
14:21 of 2nd period - Max Willman wins face-off versus Seth Griffith in Monsters zone.
14:48 of 2nd period - Shot by Nathan Walker.
14:48 of 2nd period - Shot Blocked by Jake Mccabe.
14:50 of 2nd period - Shot by Dysin Mayo.
14:50 of 2nd period - Stopped by Kevin Poulin without a rebound.
14:51 of 2nd period - Manuel Wiederer wins face-off versus Nicholas Abruzzese in Phantoms zone.
16:04 of 2nd period - Shot by Seth Griffith.
16:04 of 2nd period - Stopped by Kevin Mandolese without a rebound.
16:05 of 2nd period - Lucas Wallmark wins face-off versus Blade Jenkins in Monsters zone.
16:10 of 2nd period - Shot by Adam Mascherin.
16:10 of 2nd period - Goal by Adam Mascherin - Phantoms : 4 - Monsters : 2.
16:11 of 2nd period - Nicolas Petan wins face-off versus Lucas Wallmark in neutral zone.
16:16 of 2nd period - Shot by Anthony Angello.
16:16 of 2nd period - Stopped by Kevin Poulin without a rebound.
16:17 of 2nd period - Nicolas Petan wins face-off versus Seth Griffith in Phantoms zone.
16:38 of 2nd period - Shot by Nicolas Petan.
16:38 of 2nd period - Stopped by Kevin Poulin with a rebound.
16:40 of 2nd period - Shot by Mason Geertsen.
16:40 of 2nd period - Shot Misses the Net.
16:42 of 2nd period - Shot by Adam Ginning.
16:42 of 2nd period - Stopped by Kevin Poulin with a rebound.
16:44 of 2nd period - Shot by Mason Geertsen.
16:44 of 2nd period - Shot Misses the Net.
18:04 of 2nd period - Shot by Lucas Wallmark.
18:04 of 2nd period - Shot Misses the Net.
18:06 of 2nd period - Shot by Adam Mascherin.
18:06 of 2nd period - Shot Misses the Net.
18:45 of 2nd period - Icing by Dysin Mayo.
18:46 of 2nd period - Nicholas Abruzzese wins face-off versus Luke Henman in Monsters zone.
18:46 of 2nd period - Nicholas Abruzzese is hit by Brett McKenzie.
19:18 of 2nd period - Icing by Joshua Jacobs.
19:19 of 2nd period - Nicolas Petan wins face-off versus Seth Griffith in Phantoms zone.
19:19 of 2nd period - Anthony Angello is hit by Jake Mccabe and loses puck.
19:22 of 2nd period - Shot by Carsen Twarynski.
19:22 of 2nd period - Stopped by Kevin Poulin without a rebound.
19:23 of 2nd period - Victor Rask wins face-off versus Anthony Angello in Phantoms zone.
19:40 of 2nd period - Shot by Carsen Twarynski.
19:40 of 2nd period - Stopped by Kevin Poulin with a rebound.
Goals for this period are 3 for Phantoms vs 1 for Monsters.
Shots for this period are 8 for Phantoms vs 9 for Monsters.

3rd period


0:01 of 3rd period - Seth Griffith wins face-off versus Nicholas Abruzzese in neutral zone.
0:10 of 3rd period - Shot by Tyler Sikura.
0:10 of 3rd period - Stopped by Kevin Mandolese without a rebound.
0:11 of 3rd period - Victor Rask wins face-off versus Nicolas Petan in Monsters zone.
0:44 of 3rd period - Shot by Manuel Wiederer.
0:44 of 3rd period - Stopped by Kevin Mandolese without a rebound.
0:45 of 3rd period - Nicholas Abruzzese wins face-off versus Seth Griffith in Monsters zone.
0:54 of 3rd period - Shot by Alex Formenton.
0:54 of 3rd period - Goal by Alex Formenton - Phantoms : 4 - Monsters : 3.
0:55 of 3rd period - Alex Formenton wins face-off versus Seth Griffith in neutral zone.
1:27 of 3rd period - Icing by Dysin Mayo.
1:28 of 3rd period - Nicholas Abruzzese wins face-off versus Victor Rask in Monsters zone.
1:28 of 3rd period - Dysin Mayo is hit by Kerby Rychel.
1:34 of 3rd period - Shot by Andrew Poturalski.
1:34 of 3rd period - Stopped by Kevin Poulin without a rebound.
1:35 of 3rd period - Victor Rask wins face-off versus Carsen Twarynski in Phantoms zone.
2:31 of 3rd period - Off-side.
2:32 of 3rd period - Nicholas Abruzzese wins face-off versus Michael McCarron in neutral zone.
2:41 of 3rd period - Shot by Alex Formenton.
2:41 of 3rd period - Stopped by Kevin Poulin without a rebound.
2:42 of 3rd period - Seth Griffith wins face-off versus Blade Jenkins in Phantoms zone.
2:42 of 3rd period - Seth Griffith is hit by Alex Formenton.
3:08 of 3rd period - Seth Griffith is hit by Alex Formenton and loses puck.
3:20 of 3rd period - Tyler Sikura is hit by Sean Day and loses puck.
3:37 of 3rd period - Shot by Lucas Wallmark.
3:37 of 3rd period - Shot Misses the Net.
3:39 of 3rd period - Shot by Lucas Wallmark.
3:39 of 3rd period - Shot Misses the Net.
3:41 of 3rd period - Shot by Logan Hutsko.
3:41 of 3rd period - Shot Misses the Net.
3:43 of 3rd period - Shot by Lucas Wallmark.
3:43 of 3rd period - Shot Misses the Net.
3:45 of 3rd period - Shot by Adam Mascherin.
3:45 of 3rd period - Deflect By Logan Hutsko.
3:45 of 3rd period - Shot Misses the Net.
3:47 of 3rd period - Shot by Lucas Wallmark.
3:47 of 3rd period - Stopped by Kevin Mandolese with a rebound.
3:49 of 3rd period - Shot by Jake Mccabe.
3:49 of 3rd period - Stopped by Kevin Mandolese without a rebound.
3:50 of 3rd period - Nicolas Petan wins face-off versus Victor Rask in Monsters zone.
3:50 of 3rd period - Nicolas Petan is hit by Manuel Wiederer.
4:01 of 3rd period - Nicolas Petan is hit by Jarred Tinordi and loses puck.
4:16 of 3rd period - Shot by Nicolas Petan.
4:16 of 3rd period - Shot Misses the Net.
4:48 of 3rd period - Shot by Max Willman.
4:48 of 3rd period - Shot Blocked by Kerby Rychel.
4:50 of 3rd period - Shot by Mitch Reinke.
4:50 of 3rd period - Deflect By Nathan Walker.
4:50 of 3rd period - Stopped by Kevin Poulin with a rebound.
5:38 of 3rd period - Nicholas Abruzzese is hit by Ben Harpur and loses puck.
5:43 of 3rd period - Shot by Nicholas Abruzzese.
5:43 of 3rd period - Shot Blocked by Jarred Tinordi.
5:45 of 3rd period - Shot by Andrew Poturalski.
5:45 of 3rd period - Shot Misses the Net.
5:46 of 3rd period - Minor Penalty to Ben Harpur for Tripping.
5:47 of 3rd period - Michael McCarron wins face-off versus Nicolas Petan in Phantoms zone.
6:04 of 3rd period - Shot by Adam Ginning.
6:04 of 3rd period - Shot Misses the Net.
6:43 of 3rd period - Icing by Dysin Mayo.
6:44 of 3rd period - Alex Formenton wins face-off versus Seth Griffith in Monsters zone.
6:44 of 3rd period - Alex Formenton is hit by Seth Griffith.
6:54 of 3rd period - Shot by Alex Formenton.
6:54 of 3rd period - Shot Misses the Net.
7:04 of 3rd period - Shot by Dysin Mayo.
7:04 of 3rd period - Shot Blocked by Patrick Sieloff.
7:06 of 3rd period - Shot by Nicholas Abruzzese.
7:06 of 3rd period - Shot Misses the Net.
7:34 of 3rd period - Shot by Nicolas Petan.
7:34 of 3rd period - Goal by Nicolas Petan - Phantoms : 4 - Monsters : 4.
7:35 of 3rd period - Justin Bailey wins face-off versus Adam Mascherin in neutral zone.
7:37 of 3rd period - Off-side.
7:38 of 3rd period - Max Willman wins face-off versus Lucas Wallmark in neutral zone.
7:42 of 3rd period - Off-side.
7:43 of 3rd period - Nicholas Abruzzese wins face-off versus Lucas Wallmark in neutral zone.
7:57 of 3rd period - Off-side.
7:58 of 3rd period - Nicolas Petan wins face-off versus Seth Griffith in neutral zone.
8:11 of 3rd period - Icing by Adam Ginning.
8:12 of 3rd period - Nicolas Petan wins face-off versus Lucas Wallmark in Monsters zone.
8:12 of 3rd period - Nicolas Petan is hit by Lucas Wallmark.
8:23 of 3rd period - Adam Ginning is hit by Joshua Jacobs and loses puck.
9:49 of 3rd period - Icing by Chris Bigras.
9:50 of 3rd period - Max Willman wins face-off versus Victor Rask in Monsters zone.
9:50 of 3rd period - Max Willman is hit by Kerby Rychel.
9:55 of 3rd period - Minor Penalty to Patrick Sieloff for Cross-checking.
9:56 of 3rd period - Nicolas Petan wins face-off versus Seth Griffith in Phantoms zone.
10:05 of 3rd period - Shot by Anthony Angello.
10:05 of 3rd period - Shot Hit the Post.
10:07 of 3rd period - Shot by Nicolas Petan.
10:07 of 3rd period - Stopped by Kevin Poulin without a rebound.
10:08 of 3rd period - Nicholas Abruzzese wins face-off versus Seth Griffith in Phantoms zone.
11:44 of 3rd period - Shot by Sean Day.
11:44 of 3rd period - Deflect By Andrew Poturalski.
11:44 of 3rd period - Shot Hit the Post.
11:49 of 3rd period - Alex Formenton is hit by Jake Mccabe and loses puck.
11:52 of 3rd period - Shot by Alex Formenton.
11:52 of 3rd period - Stopped by Kevin Poulin without a rebound.
11:53 of 3rd period - Nicolas Petan wins face-off versus Seth Griffith in Phantoms zone.
11:54 of 3rd period - Shot by Adam Ginning.
11:54 of 3rd period - Stopped by Kevin Poulin with a rebound.
12:04 of 3rd period - Shot by Logan Hutsko.
12:04 of 3rd period - Stopped by Kevin Mandolese without a rebound.
12:05 of 3rd period - Lucas Wallmark wins face-off versus Max Willman in Monsters zone.
12:21 of 3rd period - Justin Bailey is hit by Patrick Sieloff and loses puck.
12:46 of 3rd period - Justin Bailey is hit by Lucas Wallmark and loses puck.
12:57 of 3rd period - Tyler Sikura is hit by Nathan Walker and loses puck.
13:01 of 3rd period - Icing by Joshua Jacobs.
13:02 of 3rd period - Seth Griffith wins face-off versus Nicholas Abruzzese in Phantoms zone.
13:09 of 3rd period - Icing by Joshua Jacobs.
13:10 of 3rd period - Nicholas Abruzzese wins face-off versus Seth Griffith in Phantoms zone.
13:46 of 3rd period - Nicholas Abruzzese is hit by Joshua Jacobs.
14:24 of 3rd period - Shot by Carsen Twarynski.
14:24 of 3rd period - Shot Misses the Net.
14:26 of 3rd period - Shot by Carsen Twarynski.
14:26 of 3rd period - Stopped by Kevin Poulin without a rebound.
14:27 of 3rd period - Lucas Wallmark wins face-off versus Max Willman in Phantoms zone.
14:37 of 3rd period - Lucas Wallmark is hit by Chris Bigras and loses puck.
15:02 of 3rd period - Shot by Logan Hutsko.
15:02 of 3rd period - Stopped by Kevin Mandolese without a rebound.
15:03 of 3rd period - Nicolas Petan wins face-off versus Victor Rask in Monsters zone.
17:01 of 3rd period - Adam Mascherin is hit by Sean Day and loses puck.
17:53 of 3rd period - Shot by Manuel Wiederer.
17:53 of 3rd period - Stopped by Kevin Mandolese without a rebound.
17:54 of 3rd period - Luke Henman wins face-off versus Nicolas Petan in Monsters zone.
18:07 of 3rd period - Shot by Brett McKenzie.
18:07 of 3rd period - Stopped by Kevin Mandolese with a rebound.
18:09 of 3rd period - Shot by Luke Henman.
18:09 of 3rd period - Shot Misses the Net.
18:15 of 3rd period - Shot by Seth Griffith.
18:15 of 3rd period - Shot Misses the Net.
18:17 of 3rd period - Shot by Jake Mccabe.
18:17 of 3rd period - Stopped by Kevin Mandolese without a rebound.
18:18 of 3rd period - Victor Rask wins face-off versus Max Willman in Monsters zone.
18:29 of 3rd period - Shot by Max Willman.
18:29 of 3rd period - Shot Misses the Net.
18:31 of 3rd period - Shot by Justin Bailey.
18:31 of 3rd period - Shot Misses the Net.
18:49 of 3rd period - Shot by Kerby Rychel.
18:49 of 3rd period - Deflect By Victor Rask.
18:49 of 3rd period - Stopped by Kevin Mandolese without a rebound.
18:50 of 3rd period - Nicolas Petan wins face-off versus Seth Griffith in Monsters zone.
Goals for this period are 0 for Phantoms vs 2 for Monsters.
Shots for this period are 10 for Phantoms vs 9 for Monsters.

Overtime #1


0:01 of 1st overtime period - Andrew Poturalski wins face-off versus Seth Griffith in neutral zone.
0:08 of 1st overtime period - Shot by Mitch Reinke.
0:08 of 1st overtime period - Shot Misses the Net.
0:18 of 1st overtime period - Shot by Alex Formenton.
0:18 of 1st overtime period - Shot Blocked by Seth Griffith.
0:47 of 1st overtime period - Icing by Mitch Reinke.
0:48 of 1st overtime period - Seth Griffith wins face-off versus Andrew Poturalski in Monsters zone.
0:48 of 1st overtime period - Seth Griffith is hit by Mitch Reinke.
0:52 of 1st overtime period - Shot by Seth Griffith.
0:52 of 1st overtime period - Shot Misses the Net.
1:12 of 1st overtime period - Shot by Brett McKenzie.
1:12 of 1st overtime period - Shot Hit the Post.
1:25 of 1st overtime period - Icing by Nicolas Petan.
1:26 of 1st overtime period - Max Willman wins face-off versus Victor Rask in Monsters zone.
1:57 of 1st overtime period - Shot by Adam Mascherin.
1:57 of 1st overtime period - Stopped by Kevin Mandolese without a rebound.
1:58 of 1st overtime period - Andrew Poturalski wins face-off versus Seth Griffith in Monsters zone.
2:49 of 1st overtime period - Shot by Victor Rask.
2:49 of 1st overtime period - Stopped by Kevin Mandolese without a rebound.
2:50 of 1st overtime period - Nicolas Petan wins face-off versus Victor Rask in Monsters zone.
2:55 of 1st overtime period - Shot by Nicolas Petan.
2:55 of 1st overtime period - Stopped by Kevin Poulin without a rebound.
2:56 of 1st overtime period - Andrew Poturalski wins face-off versus Seth Griffith in Phantoms zone.
2:57 of 1st overtime period - Shot by Alex Formenton.
2:57 of 1st overtime period - Shot Misses the Net.
2:59 of 1st overtime period - Shot by Alex Formenton.
2:59 of 1st overtime period - Shot Misses the Net.
3:03 of 1st overtime period - Shot by Alex Formenton.
3:03 of 1st overtime period - Shot Blocked by Seth Griffith.
3:05 of 1st overtime period - Shot by Andrew Poturalski.
3:05 of 1st overtime period - Shot Misses the Net.
3:07 of 1st overtime period - Shot by Alex Formenton.
3:07 of 1st overtime period - Stopped by Kevin Poulin without a rebound.
3:08 of 1st overtime period - Seth Griffith wins face-off versus Andrew Poturalski in Phantoms zone.
3:17 of 1st overtime period - Shot by Seth Griffith.
3:17 of 1st overtime period - Shot Misses the Net.
3:54 of 1st overtime period - Icing by Seth Griffith.
3:55 of 1st overtime period - Max Willman wins face-off versus Seth Griffith in Phantoms zone.
4:06 of 1st overtime period - Shot by Sean Day.
4:06 of 1st overtime period - Shot Blocked by Seth Griffith.
4:08 of 1st overtime period - Shot by Max Willman.
4:08 of 1st overtime period - Goal by Max Willman - Phantoms : 4 - Monsters : 5.
Goals for this period are 0 for Phantoms vs 1 for Monsters.
Shots for this period are 2 for Phantoms vs 3 for Monsters.